 Dungeon Crawl Stone Soup version 0.31-a0-105-gc0b45f0da6 (webtiles) character file.

Game seed: 5215175122026367749

18 GordonOverkill the Caller (level 2, 0/19 HPs)
             Began as a Demonspawn Summoner on May 27, 2023.
             Succumbed to a goblin's poison
             ... on level 1 of the Dungeon.
             The game lasted 00:03:44 (571 turns).

GordonOverkill the Caller (Demonspawn Summoner)      Turns: 571, Time: 00:03:44

Health: 0/19       AC:  3    Str:  8    XL:     2   Next: 48%
Magic:  4/5        EV: 12    Int: 16    God:
Gold:   18         SH:  0    Dex: 13    Spells: 4/5 levels left

rFire   . . .        e - +0 short sword
rCold   . . .        (no shield)
rNeg    . . .        a - +1 robe
rPois   .            (helmet restricted)
rElec   .            (no cloak)
rCorr   .            (no gloves)
SInv    .            (no boots)
Will    .....        (no amulet)
Stlth   ++           (no ring)
HPRegen 0.23/turn    (no ring)
MPRegen 0.09/turn

%: no passive effects
@: lethally poisoned (0 -> -2)
A: antennae 1
a: no special abilities


You were on level 1 of the Dungeon.
You visited 1 branch of the dungeon, and saw 1 of its levels.

You collected 46 gold pieces.
You spent 28 gold pieces at shops.

Inventory:

Hand Weapons
 e - a +0 short sword (weapon)
Missiles
 d - 2 poisoned darts
Armour
 a - a +1 robe (worn)
Jewellery
 f - a ring of poison resistance
Scrolls
 c - a scroll of brand weapon
Potions
 b - a potion of magic


   Skills:
 + Level 2.1 Dodging
 + Level 2.1 Stealth
 + Level 2.2 Spellcasting
 + Level 4.1 Summonings


You had 4 spell levels left.
You knew the following spells:

 Your Spells              Type           Power      Damage    Failure   Level
a - Summon Small Mammal   Summ           60%        N/A       3%          1

Your spell library contained the following spells:

 Spells                   Type           Power      Damage    Failure   Level
 Call Imp                 Summ           30%        N/A       5%          2
 Call Canine Familiar     Summ           15%        N/A       11%         3
 Summon Guardian Golem    Hex/Summ       7%         N/A       28%         3
 Summon Lightning Spire   Summ/Air       7%         N/A       67%         4


Dungeon Overview and Level Annotations

Branches:
Dungeon (1/15)

Altars:

Shops:
D:1 ?


Innate Abilities, Weirdness & Mutations

You have a pair of small antennae on your head.


Message History

Confirm with . or Enter, or press ? or * to list all spells.
The goblin closely misses you. The rat bites you but does no damage.
You hit the rat.
You kill the rat!
The goblin hits you with a +2 dagger of venom.
* * * LOW HITPOINT WARNING * * *
You are lethally poisoned!
Your rat bites the goblin.
The goblin dies!
* * * LOW HITPOINT WARNING * * *
You feel very sick.
You see here a rat corpse.
Okay, then.
As you read the scroll labelled GEEDUEG OPUYF, it crumbles to dust.
It is a scroll of enchant armour.
Your +0 robe glows green for a moment.
* * * LOW HITPOINT WARNING * * *
You feel very sick.
Okay, then.
You swap places.
* * * LOW HITPOINT WARNING * * *
You feel sick.
You see here a +2 dagger of venom.
As you read the scroll labelled PIEDANWI FUICE, it crumbles to dust.
You hear the flapping of tiny wings.
Your rat is knocked back by the sudden gust. x2
It was a scroll of butterflies.
* * * LOW HITPOINT WARNING * * *
You feel sick.
You swap places.
* * * LOW HITPOINT WARNING * * *
You feel sick.
You swap places.
* * * LOW HITPOINT WARNING * * *
You feel sick.
You swap places.
* * * LOW HITPOINT WARNING * * *
You feel sick.
You swap places.
You die...

~≈≈~.~≈~..~~..#..#.......
≈~≈~..~~≈~~~.##.##...####
≈≈..<.~≈≈≈~.##.#####.#
≈≈~.~.~~≈≈≈~..##. ..[
≈≈≈~.≈≈~≈~~..#..# ####
~~≈≈~.~≈.~~...####
..~≈~~......####b#
....≈~(##..#.brrb#
#########.b.b##b@# #
#######b## ###


You could see 2 friendly rats.

Vanquished Creatures
  2 hobgoblins (D:1)
  A quokka (D:1)
  A ball python (D:1)
  2 bats (D:1)
  A frilled lizard (D:1)
  A kobold (D:1)
  4 rats (D:1)
12 creatures vanquished.

Vanquished Creatures (collateral kills)
  An endoplasm (D:1)
  2 goblins (D:1)
  A hobgoblin (D:1)
  2 ball pythons (D:1)
  2 bats (D:1)
8 creatures vanquished.

Grand Total: 20 creatures vanquished

Notes
Turn   | Place    | Note
-------+----------+-------------------------------------------
     0 | D:1      | GordonOverkill the Demonspawn Summoner began the quest for
                  | the Orb.
     0 | D:1      | Reached XP level 1. HP: 13/13 MP: 3/3
   279 | D:1      | Gained mutation: You have a pair of small antennae on your
                  | head. [demonic ancestry]
   279 | D:1      | Reached XP level 2. HP: 19/19 MP: 5/5
   280 | D:1      | Found Cofyvony's Magic Scroll Emporium.
   319 | D:1      | Bought a scroll of identify for 28 gold pieces
   571 | D:1      | Succumbed to a goblin's poison

Illustrated notes

Levels and vault maps discovered:
D:1:      dpeg_arrival_subterranean_lakeside_camping, layout_loops_cross,
          serial_shops, shop

Skill      XL: |  1 |
---------------+----+-----
Dodging        | 2 |  2.1
Stealth        | 2 |  2.1
Spellcasting   | |  2.2
Summonings     | |  4.1

Action                     || total
---------------------------++-------
  Melee: Club              ||    22
         Short sword       ||    29
         Unarmed           ||     1
   Cast: Summon Small Mamm ||    14
    Use: Scroll            ||     3
   Stab: Sleeping          ||     5
         Distracted        ||     1
 Armour: Robe              ||    21
  Dodge: Dodged            ||    54

Table legend: (Time is in decaauts)
 A = Elapsed time spent in this place.
 B = Non-inter-level travel time spent in this place.
 C = Inter-level travel time spent in this place.
 D = Time resting spent in this place.
 E = Time spent auto-exploring this place.
 F = Levels seen in this place.
 G = Mean time per level.
                   A        B        C        D        E       F      G
               +--------+--------+--------+--------+--------+-----+--------+
         Total |    577 |    577 |      0 |    160 |    159 |   1 |  577.0 |
       Dungeon |    577 |    577 |      0 |    160 |    159 |   1 |  577.0 |
               +--------+--------+--------+--------+--------+-----+--------+

Top non-repeatable levels by time:
     D:1: 577 daAuts
